 Dungeon Crawl Stone Soup version 0.30.1-9-gdf580d7c3d (webtiles) character file.

Game seed: 12541520455279156240

433 leafyfresh the Covert (level 7, -2/59 HPs)
             Began as a Gnoll Delver on Oct 25, 2023.
             Was an Initiate of Okawaru.
             Killed from afar by Sigmund (8 damage)
             ... with a magic dart
             ... on level 3 of the Dungeon.
             The game lasted 00:05:29 (3615 turns).

leafyfresh the Covert (Gnoll Delver)                Turns: 3615, Time: 00:05:29

Health: -2/59      AC:  5    Str: 11    XL:     7   Next: 0%
Magic:  10/10      EV: 15    Int: 11    God:    Okawaru [......]
Gold:   167        SH:  5    Dex: 20    Spells: 10/10 levels left

rFire   + . .        z - +1 whip (venom)
rCold   . . .        (no shield)
rNeg    . . .        y - +2 robe {rF+}
rPois   .            (no helmet)
rElec   .            C - +0 cloak
rCorr   .            (no gloves)
SInv    .            (no boots)
Will    +....        v - amulet of reflection
Stlth   +++++        o - +6 ring of dexterity
HPRegen 0.29/turn    p - ring of willpower
MPRegen 0.12/turn

%: reflection
@: no status effects
A: fangs 1, strong nose, distributed training
a: Renounce Religion


You were on level 3 of the Dungeon.
You worshipped Okawaru.
Okawaru was noncommittal.
You visited 1 branch of the dungeon, and saw 5 of its levels.

You collected 167 gold pieces.

Inventory:

Hand Weapons
 a - a +0 short sword
 h - a +0 mace of draining
 x - a +0 sling
 z - a +1 whip of venom (weapon)
Armour
 b - a +0 leather armour
 l - a +0 cloak
 y - a +2 robe of fire resistance (worn)
 C - a +0 cloak (worn)
Jewellery
 o - a +6 ring of dexterity (left hand)
 p - a ring of willpower (right hand)
 v - an amulet of reflection (around neck)
Wands
 g - a wand of digging (3)
 r - a wand of acid (9)
Scrolls
 d - a scroll of magic mapping
 e - a scroll of fear
 m - a scroll of amnesia {unknown}
 n - 3 scrolls of teleportation {unknown}
 q - 2 scrolls of identify {unknown}
 w - a scroll of poison {unknown}
 A - a scroll of immolation {unknown}
 B - a scroll of vulnerability {unknown}
Potions
 f - 2 potions of haste
 i - 2 potions of attraction {unknown}
 j - a potion of lignification {unknown}
 k - 2 potions of curing {unknown}
 s - a potion of might {unknown}
 t - a potion of berserk rage {unknown}
 u - a potion of heal wounds {unknown}
 D - a potion of degeneration {unknown}


   Skills:
 + Level 6.9 Fighting
 + Level 5.1 Short Blades
 + Level 2.2 Long Blades
 + Level 2.2 Axes
 + Level 2.2 Maces & Flails
 + Level 2.2 Polearms
 + Level 2.2 Staves
 + Level 2.2 Ranged Weapons
 + Level 2.2 Throwing
 + Level 2.2 Armour
 + Level 5.1 Dodging
 + Level 9.8 Stealth
 + Level 2.2 Shields
 + Level 2.2 Unarmed Combat
 + Level 2.2 Spellcasting
 + Level 1.8 Conjurations
 + Level 1.8 Hexes
 + Level 1.8 Summonings
 + Level 1.8 Necromancy
 + Level 1.8 Translocations
 + Level 1.8 Transmutations
 + Level 1.8 Fire Magic
 + Level 1.8 Ice Magic
 + Level 1.8 Air Magic
 + Level 1.8 Earth Magic
 + Level 1.8 Poison Magic
 + Level 2.5 Invocations
 + Level 2.2 Evocations


You had 10 spell levels left.
You didn't know any spells.
Your spell library contained the following spells:

 Spells                   Type           Power      Damage    Failure   Level
 Sandblast                Erth           10%        2d5       13%         1
 Passwall                 Tmut/Erth      4%         N/A       21%         2
 Stone Arrow              Conj/Erth      10%        3d7       36%         3


Dungeon Overview and Level Annotations

Branches:
Dungeon (5/15)
 Temple: D:4-7

Altars:
Nemelex Xobeh
Okawaru

Annotations:
D:3 Sigmund


Innate Abilities, Weirdness & Mutations

You have very sharp teeth.
Your uncanny sense of smell can sniff out nearby items.
Your experience applies equally to all skills.


Message History

The orc priest calls down the wrath of Beogh upon you.
Beogh smites you!
* * * LOW HITPOINT WARNING * * *
You hit the orc.
The orc is poisoned.
The orc is lightly wounded.
The orc hits you but does no damage. Something hits you but does no damage.
The orc closely misses you.
You hit the orc.
The orc looks as sick as possible!
The orc is almost dead.
You kill the orc!
Okawaru accepts your kill.
You kill the orc!
Okawaru accepts your kill.
The orc priest mumbles some strange prayers to Beogh against you.
Beogh smites you!
* * * LOW HITPOINT WARNING * * *
Something hits you but does no damage.
You have reached level 7!
You see here a staff of fire.
As you read the scroll of fog, it crumbles to dust.
The scroll dissolves into smoke.
Unknown command.
As you read the scroll of fear, it crumbles to dust.
You assume a fearsome visage.
The orc priest looks frightened!
Unknown command.
You hear some strange, mumbled words.
Something tries to affect you, but you resist.
A puff of flame appears from out of thin air!
The puff of flame hits you. You resist.
* * * LOW HITPOINT WARNING * * *
Something tries to affect you, but you resist.
You are confused.
You bump into the rock wall.
You feel less confused.
Sigmund appears from thin air!
Reactivating autopickup.
There is a stone staircase leading up here.
Sigmund casts a spell at you. The magic dart hits you!
You die...

########
#......#
#.####.##
#.###...##
#.##@....####
#.#†.........
#.#......####
#.#.#...##
#.#.##@##
#....#.#
#......#
##...###
##.##


You could see Sigmund.

Vanquished Creatures
  An ogre (D:4)
  A phantom (D:3)
  A hound (D:4)
  Natasha (thrice) (D:2)
  An iguana (D:4)
  4 adders
  An ufetubus (D:4)
  2 worms (D:2)
  2 dart slugs
  6 orcs
  7 ball pythons
  8 bats
  8 endoplasms
  6 giant cockroaches
  6 goblins
  9 hobgoblins
  4 kobolds
  6 quokkas
  2 frilled lizards
  5 rats
83 creatures vanquished.

Notes
Turn   | Place    | Note
-------+----------+-------------------------------------------
     0 | D:5      | Reached skill level 9 in Stealth
     0 | D:5      | leafyfresh the Gnoll Delver began the quest for the Orb.
     0 | D:5      | Reached XP level 1. HP: 23/23 MP: 1/1
    93 | D:4      | Noticed a hound
    97 | D:4      | Killed a hound
    98 | D:4      | Reached XP level 2. HP: 29/29 MP: 1/3
    98 | D:4      | Reached XP level 3. HP: 35/35 MP: 1/4
   151 | D:4      | Reached skill level 1 in Invocations
   412 | D:4      | Noticed an ogre
   419 | D:4      | Killed an ogre
   420 | D:4      | Reached skill level 1 in Long Blades
   420 | D:4      | Reached skill level 1 in Axes
   420 | D:4      | Reached skill level 1 in Maces & Flails
   420 | D:4      | Reached skill level 1 in Polearms
   420 | D:4      | Reached skill level 1 in Staves
   420 | D:4      | Reached skill level 1 in Ranged Weapons
   420 | D:4      | Reached skill level 1 in Throwing
   420 | D:4      | Reached skill level 1 in Armour
   420 | D:4      | Reached skill level 1 in Shields
   420 | D:4      | Reached skill level 1 in Unarmed Combat
   420 | D:4      | Reached skill level 1 in Spellcasting
   420 | D:4      | Reached skill level 1 in Conjurations
   420 | D:4      | Reached skill level 1 in Hexes
   420 | D:4      | Reached skill level 1 in Summonings
   420 | D:4      | Reached skill level 1 in Necromancy
   420 | D:4      | Reached skill level 1 in Translocations
   420 | D:4      | Reached skill level 1 in Transmutations
   420 | D:4      | Reached skill level 1 in Fire Magic
   420 | D:4      | Reached skill level 1 in Ice Magic
   420 | D:4      | Reached skill level 1 in Air Magic
   420 | D:4      | Reached skill level 1 in Earth Magic
   420 | D:4      | Reached skill level 1 in Poison Magic
   420 | D:4      | Reached skill level 1 in Evocations
   420 | D:4      | Reached XP level 4. HP: 41/41 MP: 4/6
   420 | D:4      | Reached XP level 5. HP: 47/47 MP: 4/7
   620 | D:4      | Found an iron altar of Okawaru.
   695 | D:4      | Became a worshipper of Warmaster Okawaru
   805 | D:3      | Noticed a phantom
   827 | D:3      | Killed a phantom
   828 | D:3      | Reached XP level 6. HP: 37/53 MP: 8/8
   901 | D:3      | Noticed Sigmund
  1031 | D:3      | Found a sparkling altar of Nemelex Xobeh.
  1124 | D:2      | Noticed Natasha
  1131 | D:2      | Killed Natasha
  1132 | D:2      | Reached skill level 5 in Short Blades
  1132 | D:2      | Reached skill level 5 in Dodging
  1543 | D:2      | Noticed Natasha
  1576 | D:2      | Killed Natasha
  1626 | D:2      | Noticed Natasha
  1768 | D:2      | Killed Natasha
  3588 | D:3      | HP: 1/53 [orc priest/divine providence (9)]
  3589 | D:3      | Reached XP level 7. HP: 2/59 MP: 10/10
  3600 | D:3      | HP: 2/59 [something/puff of flame (3)]
  3615 | D:3      | Killed from afar by Sigmund

Illustrated notes

Levels and vault maps discovered:
D:1:      mrwooster_arrival_statue_2, layout_basic
D:2:      layout_basic, hangedman_decor_clover_reticule,
          kennysheep_cluttered_room, dk_vineyard_3, uniq_natasha
D:3:      layout_loops_ring, nemelex_xobeh_ov_fountains_minmay,
          nicolae_ecumenical_snake_handling, uniq_sigmund
D:4:      layout_basic, okawaru_altar_gauntlet_db
D:5:      layout_basic, ebering_ghost_reflecting_pool,
          kennysheep_generic_room_16

Skill      XL: |  1  2  3  4  5  6 |
---------------+-------------------+-----
Stealth        | |  9.8
Invocations    | 1 2 |  2.5
Long Blades    | 1 2 |  2.2
Axes           | 1 2 |  2.2
Maces & Flails | 1 2 |  2.2
Polearms       | 1 2 |  2.2
Staves         | 1 2 |  2.2
Ranged Weapons | 1 2 |  2.2
Throwing       | 1 2 |  2.2
Armour         | 1 2 |  2.2
Shields        | 1 2 |  2.2
Unarmed Combat | 1 2 |  2.2
Spellcasting   | 1 2 |  2.2
Conjurations   | 1 |  1.8
Hexes          | 1 |  1.8
Summonings     | 1 |  1.8
Necromancy     | 1 |  1.8
Translocations | 1 |  1.8
Transmutations | 1 |  1.8
Fire Magic     | 1 |  1.8
Ice Magic      | 1 |  1.8
Air Magic      | 1 |  1.8
Earth Magic    | 1 |  1.8
Poison Magic   | 1 |  1.8
Evocations     | 1 2 |  2.2
Short Blades   | 5 |  5.1
Dodging        | 5 |  5.1
Fighting       | |  6.9

Action                     |  1- 3 |  4- 6 |  7- 9 || total
---------------------------+-------+-------+-------++-------
  Melee: Short sword       |    17 |   247 |       ||   264
         Bite              |     2 |    19 |       ||    21
         Punch             |       |     5 |       ||     5
         Whip              |       |    14 |       ||    14
    Use: Scroll            |       |       |     2 ||     2
   Stab: Sleeping          |     5 |    30 |       ||    35
         Distracted        |       |     1 |       ||     1
 Armour: Leather armour    |     2 |    48 |       ||    50
         Robe              |       |    16 |       ||    16
  Dodge: Dodged            |     8 |   157 |       ||   165
  Block: Other             |       |    11 |       ||    11
